 Dungeon Crawl Stone Soup version 0.23-a0-488-g5fd82c5 (webtiles) character file.

154 Espgualade the Skirmisher (level 5, 0/34 HPs)
             Began as a Tengu Ice Elementalist on Dec 1, 2018.
             Drowned by a drowned soul (2 damage)
             ... summoned by a malarious merfolk avatar
             ... in a sewer.
             The game lasted 00:09:32 (3001 turns).

Espgualade the Skirmisher (Tengu Ice Elementalist)  Turns: 3001, Time: 00:09:33

Health: 0/34       AC:  3    Str:  8    XL:     5   Next: 36%
Magic:  1/9        EV: 15    Int: 17    God:
Gold:   141        SH:  0    Dex: 14    Spells: 2/8 levels left

rFire    . . .     SeeInvis .   d - +0 dagger
rCold    . . .     Gourm    .   (no shield)
rNeg     . . .     Faith    .   a - +0 robe
rPois    .         Spirit   .   (helmet restricted)
rElec    .         Reflect  .   (no cloak)
rCorr    .         Harm     .   h - +0 pair of gloves
MR       .....                  (boots unavailable)
Stlth    ++........             (no amulet)
HPRegen  0.11/turn              f - ring of wizardry
MPRegen  0.11/turn              j - ring of wizardry

@: lethally poisoned (0 -> -1), flying quickly and evasively, mesmerised, quick
A: beak, talons 3, able to fly 1
a: no special abilities


You were in a sewer.
You were not hungry.

You visited 1 branch of the dungeon, and saw 3 of its levels.
You also visited: Sewer.

You collected 141 gold pieces.

Inventory:

Hand Weapons
 d - a +0 dagger (weapon)
Armour
 a - a +0 robe (worn)
 h - a +0 pair of gloves (worn)
Jewellery
 f - a ring of wizardry (left hand)
 j - a ring of wizardry (right hand)
Scrolls
 b - a scroll of identify
 k - a scroll of remove curse
 m - 2 scrolls of teleportation
Potions
 e - a potion of berserk rage
 i - 3 potions of flight
 l - a potion of cancellation
Comestibles
 c - a ration


   Skills:
 + Level 4.9 Fighting
 - Level 2.1 Dodging
 - Level 2.0 Stealth
 - Level 2.0 Spellcasting
 - Level 1.3 Conjurations
 - Level 2.6 Ice Magic


You had 2 spell levels left.
You knew the following spells:

 Your Spells              Type           Power        Failure   Level  Hunger
a - Freeze                Ice            ##..         1%          1    #......
b - Throw Frost           Conj/Ice       #.....       3%          2    ###....
c - Ozocubu's Armour      Chrm/Ice       #.......     9%          3    ###....

Your spell library contained the following spells:

 Spells                   Type           Power        Failure   Level  Hunger
 Throw Icicle             Conj/Ice       #.......     21%         4    #####..
 Summon Ice Beast         Ice/Summ       #.......     28%         4    #####..


Dungeon Overview and Level Annotations

Branches:
Dungeon (3/15)

Altars:


Innate Abilities, Weirdness & Mutations

You have a beak for a mouth.
You have claws for feet.
You can fly.


Message History

You cannot move away from the malarious merfolk avatar!
You cannot move away from the malarious merfolk avatar!
The pull of its song draws you forwards.
The drowned soul touches you.
* * * LOW HITPOINT WARNING * * *
The drowned soul drowns you.
* * * LOW HITPOINT WARNING * * *
The malarious merfolk avatar chants its luring song.
Casting: Freeze (safe; 1% risk of failure)
Confirm with . or Enter, or press ? or * to list all spells.
Aiming: Freeze (safe; 1% risk of failure)
Press: ? - help, Shift-Dir - straight line, f - malarious merfolk avatar
Aim: a malarious merfolk avatar (water, lightly wounded, mesmerising)
You freeze the malarious merfolk avatar.
The malarious merfolk avatar is moderately wounded.
The malarious merfolk avatar chants its luring song.
The drowned soul touches you.
* * * LOW HITPOINT WARNING * * *
The drowned soul drowns you.
You die...

≈≈≈≈≈≈≈≈≈# ##.## #≈≈###
≈≈≈≈≈≈≈≈≈≈###..# #≈≈...
≈≈≈≈≈≈≈≈≈≈≈≈#††#########
≈≈≈≈≈≈≈≈≈≈≈≈≈≈≈≈≈≈≈≈≈≈≈#
≈≈≈≈≈≈≈≈≈≈≈†#..###### #≈
≈≈≈≈≈≈≈≈≈≈###..# ##
≈≈W≈≈W≈≈≈.# #..#
≈≈≈≈≈≈≈≈≈.# #..#
≈≈≈≈≈≈m@≈.# ####
≈≈≈≈≈≈≈≈≈.+ ≈≈≈≈≈≈≈≈≈≈#
≈≈≈≈≈≈≈≈≈≈≈≈
≈≈≈≈≈≈≈≈≈≈≈≈≈
≈≈≈≈≈≈≈≈≈≈≈≈≈≈≈
###############
###############


You could see a malarious merfolk avatar and 2 drowned souls.

Vanquished Creatures
  A merfolk siren (Sewer)
  2 river rats (Sewer)
  6 adders
  2 leopard geckos (Sewer)
  11 giant cockroaches
  2 goblins
  3 hobgoblins
  A kobold (D:1)
  4 ball pythons
  4 bats
  9 frilled lizards
  23 rats
68 creatures vanquished.

Notes
Turn   | Place    | Note
-------+----------+-------------------------------------------
     0 | D:1      | Espgualade the Tengu Ice Elementalist began the quest for
                  | the Orb.
     0 | D:1      | Reached XP level 1. HP: 10/10 MP: 4/4
   429 | D:1      | Reached skill level 1 in Fighting
   789 | D:1      | Reached XP level 2. HP: 16/16 MP: 6/6
  1110 | D:1      | Learned a level 2 spell: Throw Frost
  1196 | D:2      | Reached skill level 2 in Fighting
  1270 | D:2      | Reached XP level 3. HP: 7/22 MP: 0/7
  1853 | D:2      | Learned a level 3 spell: Ozocubu's Armour
  1881 | D:2      | Reached skill level 3 in Fighting
  2078 | D:2      | Noticed a phantom
  2278 | D:2      | Reached XP level 4. HP: 24/28 MP: 5/8
  2409 | D:3      | Found a glowing drain.
  2447 | Sewer    | Entered a sewer
  2553 | Sewer    | Reached skill level 4 in Fighting
  2679 | Sewer    | Gained mutation: You can fly. [Tengu growth]
  2679 | Sewer    | Reached XP level 5. HP: 13/34 MP: 1/9
  2984 | Sewer    | Noticed a malarious merfolk avatar
  3001 | Sewer    | Drowned by a drowned soul

Vault maps used:
D:1:      eino_arrival_water_cross
D:2:      first_ration
D:3:      old_standard_altar, marbit_many_paths, portal_sewer_entry_a
Sewer:    sewer_sea

Skill      XL: |  1  2  3  4 |
---------------+-------------+-----
Fighting       | 1 2 3 4 |  4.9
Dodging        | |  2.1
Stealth        | |  2.0
Spellcasting   | |  2.0
Conjurations   | |  1.3
Ice Magic      | |  2.6

Action                   |  1- 3 |  4- 6 || total
-------------------------+-------+-------++-------
Melee: Dagger            |    70 |   101 ||   171
       Kick              |    11 |    24 ||    35
       Unarmed           |     3 |       ||     3
       Peck              |    10 |     9 ||    19
 Cast: Freeze            |    14 |    27 ||    41
       Ozocubu's Armour  |       |     3 ||     3
  Use: Scroll            |     3 |     1 ||     4
       Potion            |       |     3 ||     3
 Stab: Sleeping          |     5 |     1 ||     6
  Eat: Chunk             |     3 |     1 ||     4
       Ration            |       |     1 ||     1
Armor: Robe              |    17 |    35 ||    52
Dodge: Dodged            |    61 |   107 ||   168

Table legend:
 A = Non-vault XP
 B = Vault XP
 C = Vault XP percentage of total XP
 D = Non-vault monster count
 E = Vault monster count
 F = Vault count percentage of total count
                 A         B        C        D         E       F
            +---------+---------+-------+---------+---------+-------
      Total |      85 |     136 |  61.5 |      25 |      43 |  63.2
            +---------+---------+-------+---------+---------+-------
        D:1 |      11 |       0 |   0.0 |       7 |       0 |   0.0
        D:2 |      74 |       0 |   0.0 |      18 |       0 |   0.0
        D:3 |       0 |       9 | 100.0 |       0 |       5 | 100.0
      Sewer |       0 |     127 | 100.0 |       0 |      38 | 100.0
            +---------+---------+-------+---------+---------+-------
